 Dungeon Crawl Stone Soup version 0.31-a0-460-g9e667d4245 (webtiles) character file.

Game seed: 7555940041536697173

12906 Xavori the Carver (level 12, -4/126 HPs)
             Began as a Djinni Chaos Knight on Aug 4, 2023.
             Was a Plaything of Xom.
             Slain by a skeletal warrior
             ... wielding a +0 trident
              (8 damage)
             ... on level 11 of the Dungeon.
             The game lasted 00:15:03 (22342 turns).

Xavori the Carver (Djinni Chaos Knight)            Turns: 22342, Time: 00:15:04

Health: -4/126     AC: 26    Str: 11    XL:     12   Next: 26%
Gold:   670        EV:  2    Int: 14    God:    Xom [......] SH:  0 Dex: 14

rFire   . . .        f - +7 scimitar of Death {antimagic, rPois rCorr}
rCold   + . .        (no shield)
rNeg    . . .        H - melded +0 acid dragon scales
rPois   ∞            (helmet currently unavailable)
rElec   +            m - melded +1 cloak {Will+}
rCorr   +            (gloves currently unavailable)
SInv    .            (boots unavailable)
Will    +....        L - amulet of the acrobat
Stlth   ++           q - ring of Naijovum {Ice rElec Slay+6}
HPRegen 0.41/turn    w - ring of protection from fire
MPRegen 0.00/turn

%: acrobat, infuse magic (-5 HP)
@: tree-form
A: stationary, stasis, torment immunity, boosted hp, sickness immunity, (fire
resistance 2), (cold vulnerability 1), float, innate caster, HP casting, extra
vitality 1, (antennae 1), (iridescent scales 1), clumsy 1, (shaggy fur 1), weak
1, evolution 1, noise suppression
a: Renounce Religion


You were on level 11 of the Dungeon.
You worshipped Xom.
You were a very special plaything of Xom.
You were a tree.
You visited 1 branch of the dungeon, and saw 11 of its levels.
You also visited: Sewer.

You collected 901 gold pieces.
You spent 231 gold pieces at shops.

Inventory:

Hand Weapons
 f - the +7 scimitar of Death (weapon) {antimagic, rPois rCorr}
   (You acquired it on level 1 of the Dungeon)

   rPois:     It protects you from poison.
   rCorr:     It protects you from acid and corrosion.
Missiles
 g - 3 throwing nets
Armour
 b - a +3 leather armour
 m - a +1 cloak of willpower (melded)
 H - +0 acid dragon scales (melded)
 I - a +0 troll leather armour
Jewellery
 h - a +6 ring of intelligence
 q - the ring of Naijovum (left branch) {Ice rElec Slay+6}
   (You found it in a sewer)

   [ring of ice]

   It enhances your ice magic.
   Slay:      It affects your accuracy & damage with ranged weapons and melee
   (+6).
   rF:        It makes you vulnerable to fire.
   rC:        It protects you from cold.
   rElec:     It insulates you from electricity.
 w - a ring of protection from fire (right branch)
 L - an amulet of the acrobat (around neck)
Wands
 a - a wand of polymorph (4)
 s - a wand of quicksilver (2)
 y - a wand of iceblast (15)
Scrolls
 c - a scroll of butterflies
 e - 2 scrolls of amnesia {unknown}
 i - 5 scrolls of teleportation
 n - 3 scrolls of fear
 o - 3 scrolls of vulnerability
 p - 4 scrolls of blinking
 u - a scroll of silence
 x - 4 scrolls of noise {unknown}
 A - a scroll of fog
 B - 4 scrolls of brand weapon {unknown}
 C - 3 scrolls of torment {unknown}
 D - a scroll of enchant weapon
 J - a scroll of enchant armour
Potions
 d - 2 potions of lignification
 j - a potion of cancellation
 k - 6 potions of attraction
 l - 4 potions of enlightenment
 r - 2 potions of ambrosia
 v - a potion of brilliance {unknown}
 z - a potion of resistance
 E - 3 potions of curing
 G - a potion of degeneration {unknown}


   Skills:
 + Level 6.9 Fighting
 * Level 14.0 Long Blades
 + Level 4.9 Armour
 + Level 6.3 Dodging
 - Level 3.0 Stealth
 * Level 3.4 Spellcasting
 * Level 3.4 Conjurations
 * Level 3.4 Hexes
 * Level 3.4 Summonings
 * Level 3.4 Necromancy
 * Level 3.4 Translocations
 * Level 3.4 Transmutations
 * Level 3.4 Fire Magic
 * Level 3.4 Ice Magic
 * Level 3.4 Air Magic
 * Level 3.4 Earth Magic
 * Level 3.4 Poison Magic
 + Level 0.3 Evocations


You knew the following spells:

 Your Spells              Type           Power      Damage    Failure   Level
a - Sandblast             Erth           22%        2d7       4%          1
b - Searing Ray           Conj           22%        2d5       8%          2
c - Vhi's Electric Charg  Tloc/Air       22%        N/A       16%         3
d - Cause Fear            Hex            5%         N/A       45%         4
e - Animate Dead          Necr           11%        N/A       45%         4
Your spell library was empty.

Dungeon Overview and Level Annotations

Branches:
Dungeon (11/15)            Temple (0/1) D:5            Lair (0/5) D:8
    Orc (0/2) D:9           Sewer (visited)

Altars:
Cheibriados
Hepliaklqana
Makhleb
Nemelex Xobeh
Qazlal
Trog
Xom
Yredelemnul
The Shining One

Shops:
D:2 (   D:7 =:=?   D:11 [

Annotations:
D:11 1 runed translucent door, RepHenryClay's ghost, journeyman DrBe


Innate Abilities, Weirdness & Mutations

You are a tree.
Your roots penetrate the ground, keeping you stationary.
You cannot be teleported.
You are immune to unholy pain and torment.
Your maximum health is greatly increased.
Your equipment is partially melded.
You are immune to sickness and miasma.
You are immune to poison.
((Your flesh is very heat resistant. (rF++)))
((You are vulnerable to cold. (rC-)))
You float through the air rather than walking.
You learn spells naturally, not from books.
Your magical power is your life essence.
You have superior vitality. (+4 MHP)
((You have a pair of small antennae on your head.))
((You are partially covered in iridescent scales. (AC +2)))
You are clumsy. (Dex -2)
((You are covered in fur. (AC +1)))
You are weak. (Str -2)
You have hidden genetic potential.
You passively dampen the noise of your surroundings.


Message History

The orc warlord hits you with a +2 broad axe of flaming!
The orc warlord burns you.
Okay, then.
Really quaff the potion of lignification?
You turn into a tree.
Your +1 cloak of willpower melds into your body.
Your +0 acid dragon scales melds into your body.
You feel less strong-willed.
Your roots penetrate the ground.
The orc warlord hits you but does no damage.
The orc warlord blocks your attack.
The orc warlord hits you but does no damage.
You slash the orc warlord!
The orc warlord is lightly wounded.
The orc warlord hits you but does no damage.
You slice the orc warlord!!
The orc warlord is moderately wounded.
You barely miss the orc warlord.
The orc warlord is moderately wounded.
You hear Xom's maniacal laughter.
The skeletal warrior hits you from afar with a +0 trident!
The orc warlord hits you with a +2 broad axe of flaming!!
* * * LOW HITPOINT WARNING * * *
The orc warlord burns you.
* * * LOW HITPOINT WARNING * * *
The orc warlord blocks your attack.
The orc warlord is moderately wounded.
The skeletal warrior hits you but does no damage.
The orc warlord hits you with a +2 broad axe of flaming!
* * * LOW HITPOINT WARNING * * *
The orc warlord burns you!
* * * LOW HITPOINT WARNING * * *
Okay, then.
You slash the orc warlord!
The orc warlord is moderately wounded.
You slice the orc warlord!!
The orc warlord is heavily wounded.
You hear Xom's maniacal laughter.
The skeletal warrior hits you from afar with a +0 trident!
You die...
Xom laughs nastily!

#..##.##.......#..>.(#
#.###.##.......#####.#
#.###.##.......# #.#
o.....##.......# #†#
#...§..zW##.##.# #.#
#..#####.......# #.#
##z#####.......# #.#
..C##.......##W#####.#
#########
#..##.##..<...Wo♣C5..#
##........
#..W#.##.##.##z#######
#.........
...............#
#.#.######
#.#.####.......#
###.#.#..... ...##
####.#### #...#.#.####
..## #...#
######...#.#.#... .##
#...#
#........#.#.#.## ##
#...#
#.##.....#.#.#.∩# ###
#...#
#.##.#...#.#.####


You could see an orc warlord, a skeletal warrior, a cyclops (summoned), a
wraith, RepHenryClay's ghost and an ufetubus (summoned).

Vanquished Creatures
  A lich (D:11)
  2 two-headed ogres
  Urug (D:11)
  A hell knight (D:10)
  A necromancer (D:10)
  Pikel (D:7)
  An ugly thing (D:11)
  Maurice (D:11)
  A kobold demonologist (D:9)
  A komodo dragon (D:10)
  3 trolls
  Grinder (D:6)
  A wraith (D:9)
  2 shadows
  2 vampires
  3 wyverns
  An acid dragon (D:11)
  2 water moccasins
  3 hell hounds (D:10)
  2 black bears (D:6)
  An orc warrior (D:10)
  A swamp drake (D:6)
  2 ice beasts
  A sky beast (D:7)
  2 ogres (D:6)
  4 centaurs
  A phantom (D:4)
  4 kobold brigands
  2 scorpions
  8 bullfrogs
  11 wights
  11 killer bees
  3 hounds
  An orc priest (D:3)
  A jelly (D:2)
  A spectral scorpion (D:3)
  2 gnoll boudas
  An iron imp (D:8)
  A sleepcap (D:5)
  Natasha (D:3)
  14 orc wizards
  An iguana (D:6)
  A hound zombie (D:3)
  A hound skeleton (D:3)
  Robin (D:2)
  17 gnolls
  8 adders
  A shadow imp (D:5)
  A white imp (D:7)
  An adder zombie (D:3)
  3 worms
  4 dart slugs
  19 orcs
  13 ball pythons
  7 endoplasms
  11 giant cockroaches
  14 goblins
  5 hobgoblins
  4 jackals (D:4)
  29 kobolds
  9 quokkas
  A ball python skeleton (D:3)
  10 bats
  10 frilled lizards
  A giant cockroach zombie (D:3)
  2 goblin skeletons (D:8)
  A goblin zombie (D:8)
  3 hobgoblin zombies (D:8)
  A kobold skeleton (D:8)
  2 orc skeletons (D:8)
  3 orc zombies (D:8)
  11 rats
299 creatures vanquished.

Vanquished Creatures (collateral kills)
  4 hell hounds (D:10)
  An orc (D:3)
5 creatures vanquished.

Vanquished Creatures (others)
  3 gnolls (D:6)
  3 orcs (D:6)
6 creatures vanquished.

Grand Total: 310 creatures vanquished

Notes
Turn   | Place    | Note
-------+----------+-------------------------------------------
     0 | D:1      | Xavori the Djinni Chaos Knight began the quest for the Orb.
     0 | D:1      | Reached XP level 1. HP: 20/20 MP: 0/0
   113 | D:1      | XOM: silly message
   116 | D:1      | Reached XP level 2. HP: 22/25 MP: 0/0
   570 | D:1      | XOM: divination: detect creatures
   652 | D:1      | Reached skill level 3 in Long Blades
  1905 | D:1      | XOM: divination: magic mapping
  1969 | D:1      | XOM: silly message
  1980 | D:1      | XOM: silly message
  2010 | D:1      | XOM: silly message
  2213 | D:1      | XOM is BORED!
  2235 | D:1      | XOM: divination: detect items
  2406 | D:1      | XOM: silly message
  2500 | D:1      | XOM: silly message
  2569 | D:1      | XOM: divination: detect items
  3016 | D:1      | XOM: god gift: scroll labelled TEORHEH BAPT {god gift}
  3023 | D:1      | Identified a scroll of acquirement
  3023 | D:1      | Acquired the +7 scimitar of Death {antimagic, rPois rCorr}
  3384 | D:1      | XOM: noise
  3973 | D:1      | XOM: silly message
  4327 | D:1      | XOM: silly message
  6486 | D:1      | XOM: god gift: 4 boomerangs
  6667 | D:1      | XOM is BORED!
  6751 | D:1      | XOM: silly message
  7567 | D:1      | XOM: cloud trail
  7681 | D:1      | XOM: silly message
  8687 | D:1      | XOM: noise
  9101 | D:1      | XOM: god gift: fluorescent wand {god gift}
  9219 | D:1      | XOM: cloud trail
  9647 | D:1      | XOM: god gift: 232 gold pieces
  9822 | D:1      | XOM is BORED!
  9822 | D:1      | XOM: summons 2 hostile demons
  9823 | D:1      | Noticed a crimson imp
  9823 | D:1      | Noticed a crimson imp
  9834 | D:2      | Reached XP level 3. HP: 30/30 MP: 0/0
  9834 | D:2      | Learned a level 1 spell: Sandblast
  9856 | D:2      | Found a faded altar of an unknown god.
  9913 | D:2      | Found Ymirett's Weapon Emporium.
  9987 | D:2      | XOM: divination: magic mapping
  9989 | D:2      | Noticed Robin
 10013 | D:2      | Reached XP level 4. HP: 14/35 MP: 0/0
 10021 | D:2      | Gained mutation: You have a pair of small antennae on your
                  | head. [potion of mutation]
 10021 | D:2      | Gained mutation: You are clumsy. (Dex -2) [potion of
                  | mutation]
 10031 | D:2      | XOM: confuse monster(s)
 10044 | D:2      | Killed Robin
 10286 | D:2      | XOM: cloud trail
 10538 | D:2      | XOM: god gift: war axe {god gift}
 10560 | D:2      | Found a runed translucent door.
 10561 | D:2      | Noticed Crazy Yiuf
 10665 | D:2      | Crazy Yiuf changed into Crazy Yiuf the jelly
 10665 | D:2      | Noticed Crazy Yiuf
 10665 | D:2      | XOM: polymorph Crazy Yiuf -> Crazy Yiuf the jelly
 10667 | D:2      | Killed Crazy Yiuf the jelly
 10668 | D:2      | Reached XP level 5. HP: 20/40 MP: 0/0
 10668 | D:2      | Learned a level 2 spell: Searing Ray
 10806 | D:3      | Noticed a water moccasin
 10812 | D:3      | XOM: divination: detect items
 10817 | D:3      | XOM: summons 5 friendly demons
 10818 | D:3      | Killed a water moccasin
 10819 | D:3      | Reached skill level 4 in Long Blades
 10819 | D:3      | Reached XP level 6. HP: 19/46 MP: 0/0
 10948 | D:3      | Noticed Natasha
 10962 | D:3      | Killed Natasha
 10963 | D:3      | XOM: smoke on damage
 10969 | D:3      | Reached skill level 5 in Long Blades
 10994 | D:3      | Identified the +9 dagger of Circular Logic {pain, rF-
                  | Int+8}
 11123 | D:3      | XOM: confuse monster(s)
 11125 | D:3      | Reached skill level 1 in Stealth
 11132 | D:3      | XOM: summons 1 hostile demon
 11150 | D:3      | XOM: noise
 11255 | D:3      | XOM: noise
 11281 | D:3      | Found a bloodstained altar of Trog.
 11370 | D:3      | Reached XP level 7. HP: 51/51 MP: 0/0
 11370 | D:3      | Learned a level 3 spell: Vhi's Electric Charge
 11495 | D:3      | Reached skill level 6 in Long Blades
 11647 | D:4      | XOM: chaos upgrade
 11651 | D:4      | XOM: give mutations
 11651 | D:4      | Gained mutation: You are partially covered in iridescent
                  | scales. (AC +2) [Xom's mischief]
 11651 | D:4      | Gained mutation: You are very clumsy. (Dex -4) [Xom's
                  | mischief]
 11651 | D:4      | Gained mutation: You are dopey. (Int -2) [Xom's mischief]
 11679 | D:4      | XOM: chaos cloud
 11781 | D:4      | Found a glowing drain.
 11781 | D:4      | XOM: 8-stop teleportation journey
 11828 | Sewer    | Entered a sewer
 12065 | Sewer    | Reached XP level 8. HP: 41/58 MP: 0/0
 12065 | Sewer    | XOM: stat loss: -1 Dex (8/9)
 12074 | Sewer    | XOM: confusion
 12196 | Sewer    | Identified the ring of Naijovum {Ice rElec Slay+6}
 12276 | D:4      | Reached skill level 7 in Long Blades
 12417 | D:4      | XOM: torment (30/58 hp)
 12853 | D:5      | Entered Level 5 of the Dungeon
 12924 | D:5      | XOM: draining
 13231 | D:5      | Found a staircase to the Ecumenical Temple.
 13901 | D:6      | XOM: 3-stop teleportation journey
 13907 | D:6      | Reached skill level 8 in Long Blades
 14063 | D:6      | XOM: polymorph gnoll bouda -> swamp drake
 14075 | D:6      | Reached XP level 9. HP: 42/63 MP: 0/0
 14075 | D:6      | Learned a level 4 spell: Cause Fear
 14086 | D:6      | Noticed Grinder
 14093 | D:6      | XOM: noise
 14101 | D:6      | Killed Grinder
 14102 | D:6      | Reached skill level 9 in Long Blades
 14268 | D:6      | XOM: 3-stop teleportation journey
 14558 | D:6      | Found a basalt altar of Yredelemnul.
 14942 | D:6      | XOM: summons 1 hostile demon
 14990 | D:6      | Found a stormy altar of Qazlal.
 14994 | D:6      | Found a snail-covered altar of Cheibriados.
 14998 | D:6      | Found a hazy altar of Hepliaklqana.
 15193 | D:6      | XOM: cloud trail
 15427 | D:7      | XOM: potion effect (invisibility)
 15438 | D:7      | Found Inaeh's Book Shop.
 15458 | D:7      | Found Kouj's Magic Scroll Boutique.
 15463 | D:7      | Bought a scroll of identify for 28 gold pieces
 15463 | D:7      | Bought a scroll of fog for 56 gold pieces
 15463 | D:7      | Bought a scroll of blinking for 105 gold pieces
 15463 | D:7      | Bought a scroll of teleportation for 42 gold pieces
 15498 | D:7      | XOM: divination: detect creatures
 15498 | D:7      | XOM: smoke on damage
 15620 | D:7      | XOM: 2-stop teleportation journey
 15673 | D:7      | Reached skill level 10 in Long Blades
 15721 | D:7      | Found Giykoc's Jewellery Shoppe.
 15741 | D:7      | Found Paozul's Jewellery Emporium.
 15759 | D:7      | XOM: divination: magic mapping
 16038 | D:7      | XOM: 3-stop teleportation journey
 16077 | D:7      | Noticed Pikel
 16079 | D:7      | XOM: noise
 16091 | D:7      | Killed Pikel
 16092 | D:7      | Reached skill level 5 in Fighting
 16092 | D:7      | Reached XP level 10. HP: 59/70 MP: 0/0
 16118 | D:7      | XOM: potion effect (curing)
 16121 | D:7      | HP: 4/105 [gnoll/+0 halberd[a gnoll bouda] (6)]
 16304 | D:7      | XOM: silly message
 16653 | D:8      | Reached skill level 1 in Spellcasting
 16653 | D:8      | Reached skill level 1 in Conjurations
 16653 | D:8      | Reached skill level 1 in Hexes
 16653 | D:8      | Reached skill level 1 in Summonings
 16653 | D:8      | Reached skill level 1 in Necromancy
 16653 | D:8      | Reached skill level 1 in Translocations
 16653 | D:8      | Reached skill level 1 in Transmutations
 16653 | D:8      | Reached skill level 1 in Fire Magic
 16653 | D:8      | Reached skill level 1 in Ice Magic
 16653 | D:8      | Reached skill level 1 in Air Magic
 16653 | D:8      | Reached skill level 1 in Earth Magic
 16653 | D:8      | Reached skill level 1 in Poison Magic
 16687 | D:8      | XOM: potion effect (might)
 16688 | D:8      | Reached skill level 11 in Long Blades
 16705 | D:8      | XOM: noise
 16844 | D:8      | Found a glowing golden altar of the Shining One.
 16889 | D:8      | XOM: give mutations
 16889 | D:8      | Gained mutation: You are covered in fur. (AC +1) [Xom's
                  | grace]
 16889 | D:8      | Gained mutation: You passively dampen the noise of your
                  | surroundings. [Xom's grace]
 16889 | D:8      | Gained mutation: You have hidden genetic potential. [Xom's
                  | grace]
 17219 | D:8      | Found a staircase to the Lair.
 17546 | D:8      | Found a sparkling altar of Nemelex Xobeh.
 17889 | D:9      | Reached skill level 5 in Dodging
 17891 | D:9      | XOM: silly message
 17928 | D:9      | Noticed a kobold demonologist
 17937 | D:9      | Killed a kobold demonologist
 18008 | D:9      | XOM: silly message
 18027 | D:9      | Found a staircase to the Orcish Mines.
 18207 | D:9      | Found a burning altar of Makhleb.
 18291 | D:9      | Reached XP level 11. HP: 76/76 MP: 0/0
 18291 | D:9      | Learned a level 4 spell: Animate Dead
 18363 | D:10     | Entered Level 10 of the Dungeon
 18400 | D:10     | Reached skill level 12 in Long Blades
 18537 | D:10     | XOM: god gift: 6 stones
 18670 | D:10     | Found a shimmering altar of Xom.
 18670 | D:10     | Noticed a two-headed ogre
 18683 | D:10     | XOM: potion effect (berserk rage)
 18696 | D:10     | Killed a two-headed ogre
 18713 | D:10     | Lost mutation: You are very clumsy. (Dex -4) [hidden
                  | potential]
 18720 | D:10     | XOM: cast spell 'Summon Ice Beast'
 18793 | D:10     | XOM: scenery: summon butterflies
 19464 | D:10     | XOM: god gift: +0 dire flail of protection
 19472 | D:10     | Noticed a hell knight
 19482 | D:10     | Killed a hell knight
 19483 | D:10     | Reached skill level 13 in Long Blades
 19520 | D:10     | Noticed a necromancer
 19520 | D:10     | Noticed a hell knight
 19521 | D:10     | Noticed a hell knight
 19528 | D:10     | XOM: cast spell 'Metabolic Englaciation'
 19529 | D:10     | Noticed a hell knight
 19532 | D:10     | HP: 2/77 [hell knight/+4 demon blade of pain (4)]
 19653 | D:10     | XOM: cloud trail
 19676 | D:10     | XOM: divination: detect items
 19677 | D:10     | Noticed a hell knight
 19779 | D:11     | Noticed a stone giant
 19779 | D:11     | Found a runed translucent door.
 19909 | D:10     | XOM: summons 2 hostile shadow creatures
 19910 | D:10     | Noticed a two-headed ogre
 20090 | D:11     | Found Izxu's Antique Armour Emporium.
 20225 | D:11     | Noticed Maurice
 20235 | D:11     | Killed Maurice
 20330 | D:11     | Noticed Urug
 20341 | D:11     | Killed Urug
 20408 | D:11     | Noticed a two-headed ogre
 20416 | D:11     | Killed a two-headed ogre
 20482 | D:11     | XOM: summons 5 hostile demons
 20483 | D:11     | Noticed a sixfirhy
 20614 | D:11     | Found a runed translucent door.
 20614 | D:11     | Noticed an orc warlord
 20615 | D:11     | Noticed a boulder beetle
 20618 | D:11     | Noticed a skeletal warrior
 20619 | D:11     | Noticed a lich
 20620 | D:11     | Noticed RepHenryClay's ghost (journeyman DrBe)
 20620 | D:11     | Noticed a necromancer
 20629 | D:11     | XOM: 1-stop teleportation journey
 20666 | D:11     | Noticed a purple ugly thing
 20677 | D:11     | Killed a purple ugly thing
 20678 | D:11     | Reached XP level 12. HP: 55/84 MP: 0/0
 21430 | D:10     | XOM: give mutations
 21430 | D:10     | Gained mutation: You are weak. (Str -2) [Xom's mischief]
 21430 | D:10     | Lost mutation: You are dopey. (Int -2) [Xom's mischief]
 21465 | D:11     | Killed a lich
 21466 | D:11     | Reached skill level 14 in Long Blades
 21469 | D:11     | XOM: enchant monster (bad)
 21470 | D:11     | XOM: fake destruction
 22320 | D:11     | XOM: blink monster(s)
 22321 | D:11     | XOM: repel stairs
 22339 | D:11     | XOM: summons 1 hostile shadow creature
 22340 | D:11     | HP: 3/126 [orc warlord/+2 broad axe of flaming (7)]
 22342 | D:11     | XOM: summons 1 hostile demon
 22342 | D:11     | Slain by a skeletal warrior

Illustrated notes

Levels and vault maps discovered:
D:1:      kennysheep_arrival_seaside, layout_loops_ring, chequers_avenue
D:2:      layout_basic, hellmonk_ecumenical_altar_blasted, serial_shops,
          nicolae_shop_rolling_square, minmay_misc_feat_ornament, dk_vineyard_3,
          uniq_robin, uniq_crazy_yiuf_cottage
D:3:      layout_rooms, palyth_temple_overflow_mages, lemuel_doored_altar,
          corexii_item_surrounded_by_moat, kennysheep_donut, grunt_ministairs_4,
          solitary_fountain, dilly_guarded_unrand_morg
D:4:      layout_basic, gup_sewer_entry_glass
D:5:      layout_layer_cave, minmay_temple_entry_drinking_statues
D:6:      layout_layer_cave, mainiacjoe_overflow_alcove_1,
          grunt_temple_overflow_diamond, kennysheep_nondescript, uniq_grinder
D:7:      layout_basic, serial_shops, nicolae_shop_back_alley_shop,
          nicolae_shop_behind_doors, nicolae_shop_tiny_real_fake_doors, shop,
          uniq_pikel
D:8:      layout_loops_corners, nemelex_xobeh_ov_fountains_minmay,
          nicolae_tso_besieged_by_evil, lair_entry_dummy, roderic_batcave,
          eino_jars
D:9:      layout_long_grid, lightli_temple_of_fire, david_orc_3
D:10:     nicolae_cairo_tiling_large_dashed, layout_layer_cave,
          xom_confusion_cloud, minmay_rotating_lava
D:11:     layout_loops_cross, serial_shops, nicolae_inconvenience_store,
          muffindrake_ghost_dual_entry, uniq_urug, uniq_maurice

Skill      XL: |  1  2  3  4  5  6  7  8  9 10 11 12 |
---------------+-------------------------------------+-----
Long Blades    | 3 4 5 6 8 10 11 13 14 | 14.0
Armour         | 2 3 4 |  4.9
Stealth        | 1 3 |  3.0
Dodging        | 3 4 5 6 |  6.3
Fighting       | 4 5 6 |  6.9
Spellcasting   | 1 3 |  3.4
Conjurations   | 1 3 |  3.4
Hexes          | 1 3 |  3.4
Summonings     | 1 3 |  3.4
Necromancy     | 1 3 |  3.4
Translocations | 1 3 |  3.4
Transmutations | 1 3 |  3.4
Fire Magic     | 1 3 |  3.4
Ice Magic      | 1 3 |  3.4
Air Magic      | 1 3 |  3.4
Earth Magic    | 1 3 |  3.4
Poison Magic   | 1 3 |  3.4
Evocations     | |  0.3

Action                     |  1- 3 |  4- 6 |  7- 9 | 10-12 || total
---------------------------+-------+-------+-------+-------++-------
  Melee: Falchion          |    33 |       |       |       ||    33
         Scimitar          |    32 |   104 |   275 |   379 ||   790
         Punch             |       |     1 |     2 |     2 ||     5
  Evoke: Wand              |       |       |       |     9 ||     9
    Use: Scroll            |     4 |     4 |     4 |     4 ||    16
         Potion            |       |     5 |       |     7 ||    12
   Stab: Sleeping          |       |     1 |     2 |     2 ||     5
         Confused          |       |     1 |     1 |     1 ||     3
         Invisible         |       |       |     6 |     2 ||     8
 Armour: Leather armour    |    24 |    55 |   125 |    91 ||   295
         Skin              |       |    31 |       |     4 ||    35
         Troll leather arm |       |       |       |    29 ||    29
         Acid dragon scale |       |       |       |    27 ||    27
  Dodge: Dodged            |    44 |    71 |   210 |   263 ||   588

Table legend: (Time is in decaauts)
 A = Elapsed time spent in this place.
 B = Non-inter-level travel time spent in this place.
 C = Inter-level travel time spent in this place.
 D = Time resting spent in this place.
 E = Time spent auto-exploring this place.
 F = Levels seen in this place.
 G = Mean time per level.
                   A        B        C        D        E       F      G
               +--------+--------+--------+--------+--------+-----+--------+
         Total |  22321 |  21964 |    357 |  11223 |   8687 |  12 | 1860.1 |
       Dungeon |  21931 |  21574 |    357 |  11126 |   8550 |  11 | 1993.7 |
         Sewer |    389 |    389 |      0 |     97 |    137 |   1 |  389.0 |
               +--------+--------+--------+--------+--------+-----+--------+

Top non-repeatable levels by time:
     D:1: 9827 daAuts
    D:10: 2313 daAuts
     D:6: 1437 daAuts
    D:11: 1367 daAuts
     D:7: 1341 daAuts
     D:8: 1118 daAuts
     D:5: 1039 daAuts
     D:2: 982 daAuts
     D:4: 850 daAuts
     D:3: 845 daAuts
     D:9: 808 daAuts
   Sewer: 389 daAuts
